 Dungeon Crawl Stone Soup version 0.18.1-8-gdd0e5ea (webtiles) character file.

256 Lathuz the Conjurer (level 5, -11/28 HPs)
             Began as a Deep Elf Conjurer on May 24, 2016.
             Shot with an arrow by a centaur (13 damage)
             ... on level 3 of the Dungeon.
             The game lasted 00:09:59 (2941 turns).

Lathuz the Conjurer (Deep Elf Conjurer)             Turns: 2941, Time: 00:10:00

Health: -11/28     AC:  2    Str:  5    XL:     5   Next: 92%
Magic:  8/11       EV: 13    Int: 21    God:
Gold:   208        SH:  0    Dex: 15    Spells: 3 memorised, 3 levels left

rFire  . . .     SeeInvis .     h - +1 dagger (speed)
rCold  . . .     Gourm    .     a - +0 robe
rNeg   . . .     Faith    .     (no shield)
rPois  .         Spirit   .     (no helmet)
rElec  .         Dismiss  .     (no cloak)
rCorr  .         Reflect  .     (no gloves)
SustAt .         Harm     .     (no boots)
MR     .....                    (no amulet)
Stlth  ++........               (no ring)
                                (no ring)

@: not resistant to hostile enchantments, unstealthy
A: no striking features
a: no special abilities


You were on level 3 of the Dungeon.
You were not hungry.

You visited 1 branch of the dungeon, and saw 3 of its levels.

You collected 208 gold pieces.

Inventory:

Hand Weapons
 h - a +1 dagger of speed (weapon)
 k - a cursed -3 dagger
Armour
 a - a +0 robe (worn)
 y - a +1 cloak
Jewellery
 m - a cursed ring of loudness {unknown}
Wands
 t - a wand of disintegration (13/24)
Scrolls
 e - 4 scrolls of identify {unknown}
 g - 2 scrolls of enchant armour {unknown}
 i - 2 scrolls of teleportation {unknown}
 l - a scroll of blinking {unknown}
 o - a scroll of random uselessness {unknown}
 v - a scroll of magic mapping {unknown}
 w - 2 scrolls of fear {unknown}
 z - a scroll of remove curse {unknown}
Potions
 f - a potion of ambrosia {unknown}
 n - a potion of brilliance {unknown}
 p - a potion of beneficial mutation {unknown}
 q - 2 potions of curing {unknown}
 r - a potion of might {unknown}
 s - 2 potions of heal wounds {unknown}
 x - a potion of magic {unknown}
Books
 b - a book of Conjurations

   Spells                             Type                      Level
   a - Magic Dart                     Conjuration                  1
   b - Searing Ray                    Conjuration                  2
   c - Dazzling Spray                 Conjuration/Hexes            3
   d - Fulminant Prism                Conjuration/Hexes            4
   e - Iskenderun's Mystic Blast      Conjuration                  4
   f - Iskenderun's Battlesphere      Conjuration/Charms           5
Comestibles
 c - a bread ration
 d - 4 fruits
 j - 2 slices of pizza
 u - a chunk of flesh


   Skills:
 - Level 2.4 Dodging
 - Level 2.4 Stealth
 - Level 3.0 Spellcasting
 + Level 7.9 Conjurations


You had 3 spell levels left.
You knew the following spells:

 Your Spells              Type           Power        Failure   Level  Hunger
a - Magic Dart            Conj           ####         1%          1    None
b - Searing Ray           Conj           #####.       1%          2    ##.....
c - Fulminant Prism       Conj/Hex       ###.......   28%         4    ####...


Dungeon Overview and Level Annotations

Branches:
Dungeon (3/15)

Altars:
Xom
Yredelemnul


Message History

The centaur wields a shortbow.
The centaur shoots an arrow.
The arrow hits you!
Casting: Magic Dart
Confirm with . or Enter, or press ? or * to list all spells.
Aiming: Magic Dart
Press: ? - help, Shift-Dir - straight line, f/p - centaur
Aim: a centaur, wielding a shortbow (moderately wounded)
The magic dart hits the centaur.
The centaur is heavily wounded.
The centaur shoots an arrow.
The arrow hits you!
The centaur shoots an arrow.
The arrow hits you!
* * * LOW HITPOINT WARNING * * *
Casting: Magic Dart
Confirm with . or Enter, or press ? or * to list all spells.
Aiming: Magic Dart
Press: ? - help, Shift-Dir - straight line, f/p - centaur
Aim: a centaur, wielding a shortbow (heavily wounded)
The magic dart hits the centaur.
The centaur is severely wounded.
The centaur shoots an arrow.
The arrow hits you!
You die...

.....#.# .####......# .....#.#
.... #......# #....'.#
......#......###
#....#.#.......#........#
#....#....._...c..)..)..#
.......#.......#........#
.......#.......#(..)....#
.......# ..... #....)...#########
.......####.####@......###.......
.......................# #.#####.
...............#.......###.#####.
...............................(.
..........####.##.......##.######
.. ###'##........#.#
#.......>.....#.#
#.............#.#
#.......###'#.#.#


You could see a centaur.

Vanquished Creatures
  2 orc wizards (D:3)
  2 orc priests (D:3)
  3 adders (D:2)
  4 gnolls (D:3)
  A worm (D:2)
  2 dart slugs
  2 giant geckos
  7 orcs (D:3)
  3 giant cockroaches
  7 goblins
  4 hobgoblins
  4 jackals (D:1)
  6 bats
  8 giant newts
  9 kobolds
  7 rats
71 creatures vanquished.

Vanquished Creatures (others)
  A fulminant prism (D:3)
1 creature vanquished.

Grand Total: 72 creatures vanquished

Notes
Turn   | Place    | Note
--------------------------------------------------------------
     0 | D:1      | Lathuz the Deep Elf Conjurer began the quest for the Orb.
     0 | D:1      | Reached XP level 1. HP: 10/10 MP: 6/6
   228 | D:1      | Reached XP level 2. HP: 15/15 MP: 6/8
   428 | D:1      | Reached skill level 5 in Conjurations
   918 | D:1      | Reached XP level 3. HP: 19/19 MP: 7/9
  1063 | D:2      | Found a basalt altar of Yredelemnul.
  1072 | D:2      | Learned a level 2 spell: Searing Ray
  1124 | D:2      | Found a faded altar to an unknown god.
  1618 | D:2      | Reached skill level 6 in Conjurations
  1661 | D:2      | Reached XP level 4. HP: 24/24 MP: 5/10
  1705 | D:2      | Learned a level 4 spell: Fulminant Prism
  2442 | D:3      | Found a shimmering altar of Xom.
  2479 | D:3      | Reached skill level 7 in Conjurations
  2479 | D:3      | Reached XP level 5. HP: 28/28 MP: 8/11
  2937 | D:3      | Noticed a centaur
  2941 | D:3      | Shot with an arrow by a centaur

Skill      XL: |  1  2  3  4 |
---------------+-------------+-----
Conjurations   | 5 6 7 |  7.9
Dodging        | |  2.4
Stealth        | |  2.4
Spellcasting   | |  3.0

Action                   |  1- 3 |  4- 6 || total
-------------------------+-------+-------++-------
Melee: Dagger            |     6 |    14 ||    20
 Cast: Magic Dart        |    68 |    76 ||   144
       Fulminant Prism   |       |     1 ||     1
  Eat: Chunk             |     2 |     4 ||     6
Armor: Robe              |       |     1 ||     1
Dodge: Dodged            |     6 |     5 ||    11
